 Dungeon Crawl Stone Soup version 0.25-a0-577-ga4619f409e (webtiles) character file.

Game seed: 15659756293469544313, levelgen mode: deterministic

23 Flugslaktarn the Covered (level 2, 0/27 HPs)
             Began as a Deep Dwarf Fighter on Mar 2, 2020.
             Slain by an ice beast (10 damage)
             ... on level 4 of the Dungeon.
             The game lasted 00:00:25 (575 turns).

Flugslaktarn the Covered (Deep Dwarf Fighter)        Turns: 575, Time: 00:00:25

Health: 0/27       AC: 12    Str: 19    XL:     2   Next: 72%
Magic:  1/1        EV:  5    Int:  8    God:
Gold:   35         SH:  9    Dex: 12    Spells: 1/1 levels left

rFire    . . .     SeeInvis .   a - +0 war axe
rCold    . . .     Gourm    .   c - +0 kite shield
rNeg     . . .     Faith    .   p - +3 chain mail
rPois    .         Spirit   .   (no helmet)
rElec    .         Reflect  .   l - scarf {cloud immunity}
rCorr    .         Harm     .   (no gloves)
MR       .....                  (no boots)
Stlth    ..........             (no amulet)
HPRegen  0.00/turn              (no ring)
MPRegen  0.07/turn              (no ring)

@: non-regenerating
A: damage resistance, heal wounds, sense surroundings 1, no regeneration
a: Heal Wounds


You were on level 4 of the Dungeon.
You were not hungry.

You visited 1 branch of the dungeon, and saw 4 of its levels.

You collected 35 gold pieces.

Inventory:

Hand Weapons
 a - a +0 war axe (weapon)
Armour
 b - a +0 scale mail
 c - a +0 kite shield (worn)
 l - a scarf of cloud immunity (worn)
   (You found it on level 2 of the Dungeon)
 p - a +3 chain mail (worn)
   (You found it on level 2 of the Dungeon)
Jewellery
 j - an uncursed ring of protection from cold {unknown}
   (You found it on level 2 of the Dungeon)
Scrolls
 g - 2 scrolls of teleportation {unknown}
 h - a scroll of enchant weapon {unknown}
 m - a scroll of remove curse {unknown}
Potions
 d - 2 potions of might
 f - a potion of degeneration {unknown}
 k - a potion of haste {unknown}
 n - a potion of brilliance {unknown}
 o - a potion of curing {unknown}
Comestibles
 e - 3 rations


   Skills:
 + Level 2.9 Fighting
 * Level 2.9 Axes
 + Level 3.5 Armour
 + Level 3.5 Shields


You had one spell level left.
You didn't know any spells.
Your spell library was empty.

Dungeon Overview and Level Annotations

Branches:
Dungeon (4/15)
 Temple: D:4-7

Altars:


Innate Abilities, Weirdness & Mutations

You are resistant to damage.
You can heal yourself by infusing magical energy.
You passively map a small area around you.
You do not regenerate.


Message History

You hit the ice beast.
The ice beast is almost dead.
Your shield and chain mail prevent you from hitting the iguana.
The ice beast barely misses you.
The iguana bites you but does no damage.
You closely miss the ice beast.
The ice beast is almost dead.
You hit the iguana. The ice beast barely misses you.
The iguana bites you but does no damage.
The ice beast barely misses you. The iguana bites you!
Your chain mail prevents you from hitting the ice beast.
The ice beast is almost dead.
You barely miss the iguana. You block the ice beast's attack.
The iguana bites you.
You hit the ice beast.
The ice beast is almost dead.
You closely miss the iguana. You block the ice beast's attack.
You block the iguana's attack. The ice beast hits you.
The ice beast freezes you!
You die...

###########
#...%.....#
#.........#
#.........#######
*
#......<.........
#........@##### *
#.......Y†l..#
#........###.# *
#........., .. ,
* #........## #>.
, , #........# *
.* #####.#### * ,
#. * ,*


You could see an ice beast and an iguana.

Vanquished Creatures
  An adder (D:2)
  2 goblins
  A hobgoblin (D:1)
  2 jackals (D:4)
  3 bats (D:2)
  2 frilled lizards
  3 kobolds
14 creatures vanquished.

Notes
Turn   | Place    | Note
-------+----------+-------------------------------------------
     0 | D:1      | Flugslaktarn the Deep Dwarf Fighter began the quest for the
                  | Orb.
     0 | D:1      | Reached XP level 1. HP: 20/20 MP: 1/1
   361 | D:2      | Reached XP level 2. HP: 25/27 MP: 2/2
   558 | D:4      | Noticed an ice beast
   575 | D:4      | Slain by an ice beast

Levels and vault maps discovered:
D:1:      tarquinn_simple_flora_water_c, layout_basic
D:2:      minmay_wonky_spiral, layout_basic, first_ration, minivault_11,
          st_stairs_14, minmay_pentomino_u2
D:3:      layout_loops_ring, grunt_dithmenos_smoke
D:4:      layout_rooms

Action                   || total
-------------------------++-------
Melee: War axe           ||    78
 Abil: Heal Wounds       ||     1
Armor: Scale mail        ||    12
       Chain mail        ||    36
Dodge: Dodged            ||    29
Block: Kite shield       ||    51

Table legend:
 A = Non-vault XP
 B = Vault XP
 C = Vault XP percentage of total XP
 D = Non-vault monster count
 E = Vault monster count
 F = Vault count percentage of total count
                 A         B        C        D         E       F
            +---------+---------+-------+---------+---------+-------
      Total |      29 |       4 |  12.1 |      11 |       3 |  21.4
            +---------+---------+-------+---------+---------+-------
        D:1 |       5 |       0 |   0.0 |       3 |       0 |   0.0
        D:2 |      19 |       4 |  17.4 |       5 |       3 |  37.5
        D:3 |       1 |       0 |   0.0 |       1 |       0 |   0.0
        D:4 |       4 |       0 |   0.0 |       2 |       0 |   0.0
            +---------+---------+-------+---------+---------+-------
